 Dungeon Crawl Stone Soup version 0.28.0 (webtiles) character file.

Game seed: 902815927809012358

30 RighteousDevil the Grave Robber (level 3, 31/31 HPs)
             Began as a Deep Dwarf Necromancer on Feb 11, 2022.
             Was a Believer of Lugonu.
             Quit the game on level 2 of the Dungeon.
             The game lasted 00:02:15 (1044 turns).

RighteousDevil the Grave Robber (DDNe)              Turns: 1044, Time: 00:02:16

Health: 31/31      AC:  3    Str: 13    XL:     3   Next: 5%
Magic:  4/4        EV: 12    Int: 15    God:    Lugonu [**....]
Gold:   65         SH:  0    Dex: 13    Spells: 4/6 levels left

rFire   . . .      SeeInvis .   d - +0 club
rCold   . . .      Faith    .   (no shield)
rNeg    . . .      Spirit   .   a - +0 robe
rPois   .          Reflect  .   f - +0 helmet
rElec   .          Harm     .   (no cloak)
rCorr   .          Rampage  .   (no gloves)
Will    .....                   (no boots)
Stlth   ++........              (no amulet)
HPRegen 0.00/turn               (no ring)
MPRegen 0.09/turn               (no ring)

@: no status effects
A: damage resistance, heal wounds, sense surroundings 1, no regeneration
a: Heal Wounds, Renounce Religion, Depart the Abyss, Bend Space


You were on level 2 of the Dungeon.
You worshipped Lugonu.
Lugonu was pleased with you.
You visited 1 branch of the dungeon, and saw 2 of its levels.

You collected 65 gold pieces.

Inventory:

Hand Weapons
 d - a +0 club (weapon)
Armour
 a - a +0 robe (worn)
 f - a +0 helmet (worn)
Jewellery
 h - an amulet of guardian spirit
Potions
 b - a potion of degeneration {unknown}
 c - 2 potions of curing {unknown}
 e - 4 potions of might {unknown}
 g - a potion of haste {unknown}


   Skills:
 + Level 1.3 Fighting
 + Level 1.5 Maces & Flails
 - Level 2.2 Dodging
 - Level 2.5 Stealth
 - Level 2.0 Spellcasting
 - Level 4.4 Necromancy


You had 4 spell levels left.
You knew the following spells:

 Your Spells              Type           Power      Damage    Failure   Level
a - Pain                  Necr           56%        1d6       3%          1
b - Animate Skeleton      Necr           28%        N/A       3%          1

Your spell library contained the following spells:

 Spells                   Type           Power      Damage    Failure   Level
 Vampiric Draining        Necr           14%        2d7       11%         3
 Animate Dead             Necr           7%         N/A       34%         4
 Agony                    Necr           14%        N/A       69%         5


Dungeon Overview and Level Annotations

Branches:
Dungeon (2/15)

Altars:
Lugonu


Innate Abilities, Weirdness & Mutations

You are resistant to damage.
You can heal yourself by infusing magical energy.
You passively map a small area around you.
You do not regenerate.


Message History

You hit the dart slug.
The dart slug is severely wounded.
The dart slug launches a dart at you. The slug dart hits you.
You hit the dart slug.
You kill the dart slug!
Lugonu accepts your kill.
You have reached level 3!
Your experience leads to an increase in your attributes!
Increase (S)trength, (I)ntelligence, or (D)exterity?
You feel stronger. x2
A bat comes into view.
A bat is nearby!
You fail to use your ability.
A bat is nearby!
You see here 4 gold pieces.
You now have 65 gold pieces (gained 4).
You feel much better. The bat hits you but does no damage.
You closely miss the bat. The bat barely misses you.
A rat comes into view.
The bat hits you. The bat hits you but does no damage. The bat hits you.
You hit the bat.
The bat is moderately wounded.
The bat hits you but does no damage.
You hit the rat but do no damage. The bat closely misses you.
The rat bites you. The rat barely misses you.
You hit the rat.
You kill the rat!
Lugonu accepts your kill. The bat hits you but does no damage.
The bat barely misses you.
You see here a rat corpse.
You hit the bat.
You kill the bat!
Lugonu accepts your kill.
No target in view!
No target in view!
Are you sure you want to abandon this character and quit the game? (Confirm with "yes".)

≈ ....###......#
.........##### ≈
≈ , #...##...####
## * #......#
#...##.# ≈
#.###...##.#
#..........# ≈
##.#..####.######
≈ #
#..#...†@....# *
*
#..#.##........#
* * ...#
#.#.##..## * *
##.. ,*#.#.# ...,
, #.. *#.#.# *. *
,, ....# * ,
,..... , * ##.###


There were no monsters in sight!

Vanquished Creatures
  A dart slug (D:2)
  A bat (D:2)
  2 endoplasms (D:1)
  2 giant cockroaches (D:1)
  3 goblins
  2 hobgoblins (D:1)
  2 jackals (D:1)
  A quokka (D:2)
  2 ball pythons (D:1)
  2 frilled lizards
  5 kobolds
  3 rats
26 creatures vanquished.

Notes
Turn   | Place    | Note
-------+----------+-------------------------------------------
     0 | D:1      | RighteousDevil the Deep Dwarf Necromancer began the quest
                  | for the Orb.
     0 | D:1      | Reached XP level 1. HP: 15/15 MP: 3/3
     2 | D:1      | Learned a level 1 spell: Animate Skeleton
   329 | D:1      | Found a faded altar of an unknown god.
   341 | D:1      | Prayed at the altar of an unknown god.
   341 | D:1      | Became a worshipper of Lugonu the Unformed
   341 | D:1      | Reached * piety under Lugonu
   341 | D:1      | Reached ** piety under Lugonu
   374 | D:1      | Reached XP level 2. HP: 8/24 MP: 5/5
   458 | D:1      | Reached skill level 1 in Maces & Flails
   469 | D:1      | Reached skill level 1 in Fighting
  1003 | D:2      | Reached XP level 3. HP: 12/31 MP: 4/4
  1044 | D:2      | Quit the game

Illustrated notes

Levels and vault maps discovered:
D:1:      dpeg_arrival_signposts, layout_basic,
          dreamdust_ecumenical_altar_grove, st_stairs_1
D:2:      layout_loops_ring, serial_rivers, chequers_serial_rivers_small_a,
          chequers_serial_rivers_large_a, chequers_serial_rivers_micro_b,
          chequers_serial_rivers_micro_c, chequers_serial_rivers_room_b

Skill      XL: |  1  2 |
---------------+-------+-----
Spellcasting   | 2 |  2.0
Maces & Flails | 1 |  1.5
Fighting       | 1 |  1.3
Dodging        | |  2.2
Stealth        | |  2.5
Necromancy     | |  4.4

Action                   || total
-------------------------++-------
Melee: Club              ||   114
 Cast: Pain              ||     6
 Abil: Heal Wounds       ||     3
Armor: Robe              ||    33
Dodge: Dodged            ||    79
